 Dungeon Crawl Stone Soup version 0.24.0-1-gfbc8707122 (webtiles) character file.

Game seed: 3536333562316604923, levelgen mode: deterministic

2013 Inarius the Cleaver (level 9, -5/78 HPs)
             Began as a Minotaur Fighter on Oct 28, 2019.
             Was a Believer of Ru.
             Slain by Prince Ribbit (16 damage)
             ... on level 7 of the Dungeon.
             The game lasted 00:07:29 (6745 turns).

Inarius the Cleaver (Minotaur Fighter)              Turns: 6745, Time: 00:07:29

Health: -5/78      AC:  0    Str: 24    XL:     9   Next: 2%
Magic:  8/8        EV:  6    Int: 10    God:    Ru [**....]
Gold:   293        SH: 10    Dex: 10    Spells: 8/8 levels left

rFire    . . .     SeeInvis .   a - +1 war axe
rCold    . . .     Gourm    .   c - +0 shield
rNeg     . . .     Faith    .   B - +0 chain mail
rPois    .         Spirit   .   (helmet restricted)
rElec    .         Reflect  .   (no cloak)
rCorr    .         Harm     .   r - +0 pair of gloves
MR       .....                  (no boots)
Stlth    ..........             b - amulet of the acrobat
HPRegen  0.23/turn              (no ring)
MPRegen  0.11/turn              (no ring)

@: brilliant, corroded, lightly drained
A: retaliatory headbutt, horns 2, inability to use devices
a: Renounce Religion


You were on level 7 of the Dungeon.
You worshipped Ru.
Ru was pleased with you.
You were hungry.

You visited 1 branch of the dungeon, and saw 7 of its levels.

You collected 293 gold pieces.

Inventory:

Hand Weapons
 a - a +1 war axe (weapon)
 x - the +4 mace of Famine {crush, +Fly rElec Str+9 Int-2}
   (You found it on level 5 of the Dungeon)

   It inflicts extra damage upon your enemies.
   It affects your strength (+9).
   It affects your intelligence (-2).
   It insulates you from electricity.
   It lets you fly.
Missiles
 t - 17 boomerangs (quivered)
Armour
 c - a +0 shield (worn)
 r - a +0 pair of gloves (worn)
 B - a +0 chain mail (worn)
Jewellery
 b - an amulet of the acrobat (around neck)
Scrolls
 g - 2 scrolls of random uselessness {unknown}
 l - 4 scrolls of fear
 m - a scroll of enchant armour {unknown}
 n - 2 scrolls of teleportation {unknown}
 o - a scroll of magic mapping {unknown}
 u - 3 scrolls of fog {unknown}
 v - a scroll of immolation {unknown}
 y - a scroll of noise
 A - a scroll of vulnerability
Potions
 d - a potion of might
 e - 3 potions of flight
 h - a potion of brilliance
 i - a potion of resistance {unknown}
 j - a potion of invisibility {unknown}
 k - a potion of heal wounds {unknown}
 w - a potion of lignification {unknown}
 z - a potion of mutation {unknown}
Comestibles
 f - 13 rations


   Skills:
 + Level 6.4(5.8) Fighting
 * Level 11.0(10.4) Axes
 - Level 0.2(0.0) Throwing
 + Level 5.9(5.4) Armour
 + Level 1.5(1.0) Dodging
 + Level 0.5(0.0) Stealth
 + Level 5.7(5.2) Shields


You had 8 spell levels left.
You didn't know any spells.
Your spell library contained the following spells:

 Spells                   Type           Power        Failure   Level  Hunger
 Confusing Touch          Hex            #.....       58%         1    ##.....
 Confuse                  Hex            #.......     88%         3    ####...
 Gell's Gravitas          Tloc           #.........   88%         3    ####...
 Petrify                  Tmut/Erth      #.......     99%         4    #####..
 Metabolic Englaciation   Hex/Ice        #.........   100%        5    ######.
 Yara's Violent Unravell  Hex/Tmut       #.........   100%        5    ######.


Dungeon Overview and Level Annotations

Branches:
Dungeon (7/15)             Temple (0/1) D:6

Altars:
Kikubaaqudgha
Ru
Sif Muna
Trog
Uskayaw
Xom

Annotations:
D:7 Prince Ribbit


Innate Abilities, Weirdness & Mutations

You reflexively headbutt those who attack you in melee.
You have a pair of horns on your head.
You cannot study or use magical devices.


Message History

Prince Ribbit is moderately wounded.
Prince Ribbit is stunned by your will and fails to attack.
Prince Ribbit hits you.
* * * LOW HITPOINT WARNING * * *
You block Prince Ribbit's attack.
You slash Prince Ribbit!
Prince Ribbit is heavily wounded.
Prince Ribbit hits you!
* * * LOW HITPOINT WARNING * * *
Unknown command.
You feel better. Prince Ribbit hits you.
* * * LOW HITPOINT WARNING * * *
Prince Ribbit winks and puckers his lips.
Prince Ribbit barely misses you.
You feel better. Prince Ribbit hits you.
* * * LOW HITPOINT WARNING * * *
It was a potion of brilliance.
You feel clever all of a sudden. You block Prince Ribbit's attack.
Prince Ribbit hits you!
You die...

.... #.#..%..# ..#.#
###.#.....# ..#.##.#
#.......!.#
..#.##.###
#.#.#.5)..# ..#.#....
#.#...##### ....#...#
#.###.# ......#.#
#.###.#
......#.#.#####..F5.#
......#.#.......@####
......#.########.#
#####.......#....# ..
###.###.#.#### ...#
#.# #.#.# .....
#.###.#.#
....#.#.#...#.#
.#....#.#.###.#
#######.#.###.#


You could see Prince Ribbit and a crimson imp.

Vanquished Creatures
  2 sky beasts (D:5)
  A phantom (D:4)
  An ogre (D:5)
  3 bullfrogs (D:6)
  3 scorpions
  A water moccasin skeleton (D:7)
  8 wights
  A crimson imp (D:5)
  4 orc priests
  A bullfrog zombie (D:6)
  2 hounds
  2 jellies
  2 iguanas
  3 orc wizards
  11 worker ants
  A worker ant zombie (D:7)
  8 adders
  4 gnolls
  An ooze (D:2)
  An adder skeleton (D:7)
  2 worms
  A dart slug (D:3)
  6 leopard geckos
  27 orcs
  6 giant cockroaches
  5 goblins
  2 hobgoblins
  2 jackals (D:3)
  4 quokkas
  2 ball pythons
  5 bats
  5 frilled lizards
  A jackal skeleton (D:5)
  4 kobolds
  15 rats
147 creatures vanquished.

Notes
Turn   | Place    | Note
-------+----------+-------------------------------------------
     0 | D:1      | Inarius the Minotaur Fighter began the quest for the Orb.
     0 | D:1      | Reached XP level 1. HP: 19/19 MP: 0/0
   141 | D:1      | Reached XP level 2. HP: 27/27 MP: 1/1
   505 | D:2      | Reached skill level 3 in Axes
   614 | D:2      | Reached XP level 3. HP: 30/33 MP: 2/2
  1185 | D:3      | Reached skill level 1 in Dodging
  1207 | D:2      | Reached XP level 4. HP: 14/40 MP: 3/3
  1410 | D:3      | Reached skill level 4 in Axes
  1710 | D:3      | Noticed a +0 hand axe
  1710 | D:3      | Noticed a +0 hand axe
  1718 | D:3      | Found a hide-covered altar of Uskayaw.
  2163 | D:3      | Reached XP level 5. HP: 27/46 MP: 4/4
  2507 | D:4      | Reached skill level 5 in Axes
  2774 | D:4      | Noticed a phantom
  2797 | D:4      | Killed a phantom
  2797 | D:4      | Reached XP level 6. HP: 46/53 MP: 5/5
  2932 | D:4      | Reached skill level 6 in Axes
  3200 | D:4      | Found a sacrificial altar of Ru.
  3233 | D:4      | Became a worshipper of Ru the Awakened
  3717 | D:4      | Found a shimmering blue altar of Sif Muna.
  3718 | D:4      | Found a bloodstained altar of Trog.
  3774 | D:5      | Entered Level 5 of the Dungeon
  3778 | D:5      | Noticed a sky beast
  3791 | D:5      | Killed a sky beast
  3791 | D:5      | Reached skill level 7 in Axes
  3791 | D:5      | Reached skill level 5 in Armour
  3791 | D:5      | Reached XP level 7. HP: 45/60 MP: 6/6
  4385 | D:5      | Reached skill level 5 in Fighting
  4443 | D:5      | Reached skill level 5 in Shields
  4756 | D:5      | Reached skill level 8 in Axes
  5070 | D:5      | Got a polished mace
  5071 | D:5      | Identified the +4 mace of Famine {crush, +Fly rElec Str+9
                  | Int-2} (You found it on level 5 of the Dungeon)
  5313 | D:5      | Reached XP level 8. HP: 63/69 MP: 7/7
  5334 | D:5      | Gained mutation: You cannot study or use magical devices.
                  | [Ru sacrifice]
  5334 | D:5      | Reached * piety under Ru
  5334 | D:5      | Reached ** piety under Ru
  5558 | D:5      | Reached skill level 9 in Axes
  5755 | D:6      | Found a staircase to the Ecumenical Temple.
  5920 | D:6      | Reached skill level 10 in Axes
  5959 | D:6      | Found a shimmering altar of Xom.
  6333 | D:5      | Found an ancient bone altar of Kikubaaqudgha.
  6586 | D:7      | Reached skill level 11 in Axes
  6586 | D:7      | Reached XP level 9. HP: 61/78 MP: 8/8
  6726 | D:7      | Noticed Prince Ribbit
  6745 | D:7      | Slain by Prince Ribbit

Levels and vault maps discovered:
D:1:      dpeg_arrival_lava_temple_mockup, layout_rooms, st_stairs_6
D:2:      layout_loops_corners, minmay_tromino_mix6
D:3:      layout_basic, dancing_weapons_uskayaw, kennysheep_doodads, hex_large
D:4:      layout_basic, chequers_temple_overflow_statue_of_worship,
          nicolae_ru_awakened_eye
D:5:      layout_basic, nicolae_overflow_hidden_temple, serial_co_window_serial,
          co_window_corner_a, co_window_corner_a, co_window_corner_a,
          co_window_cross_1, co_window_paths_a, co_window_paths_b,
          co_window_paths_a, co_window_broadway_b, co_window_corner_b,
          co_window_unsneaky_path_a, glass_columns_a, glass_columns_a,
          first_ration, minmay_strange_pillars, zaba_anthole,
          kennysheep_generic_room_10
D:6:      layout_loops_ring, kennysheep_little_box,
          minmay_temple_entry_sparse_star, kennysheep_dice
D:7:      layout_basic, old_standard_altar, uniq_prince_ribbit1

Skill      XL: |  1  2  3  4  5  6  7  8 |
---------------+-------------------------+-----
Armour         | 4 5 |  5.9
Shields        | 4 5 |  5.7
Fighting       | 4 5 6 |  6.4
Axes           | 3 4 5 7 8 11 | 11.0
Dodging        | 1 |  1.5
Throwing       | |  0.2
Stealth        | |  0.5

Action                   |  1- 3 |  4- 6 |  7- 9 || total
-------------------------+-------+-------+-------++-------
Melee: War axe           |    76 |   121 |   154 ||   351
       Headbutt          |    13 |    26 |    34 ||    73
Throw: Boomerang         |       |     9 |     5 ||    14
Invok: Sacrifice Artific |       |       |     1 ||     1
  Use: Scroll            |       |       |     9 ||     9
       Potion            |       |       |     4 ||     4
  Eat: Chunk             |     1 |     8 |     9 ||    18
Armor: Scale mail        |    36 |    36 |     1 ||    73
       Chain mail        |       |       |    62 ||    62
Dodge: Dodged            |    30 |    37 |    45 ||   112
Block: Shield            |    38 |    51 |    67 ||   156
